 Dungeon Crawl Stone Soup version 0.18-a0-1643-gb89d9db (webtiles) character file.

63 Oddball22 the Insei (level 3, 0/30 HPs)
             Began as a Demonspawn Monk on Mar 28, 2016.
             Slain by Natasha (9 damage)
             ... on level 2 of the Dungeon.
             The game lasted 00:02:46 (2050 turns).

Oddball22 the Insei (Demonspawn Monk)               Turns: 2050, Time: 00:02:46

Health: 0/30       AC:  2    Str: 12    XL:     3   Next: 89%
Magic:  3/3        EV: 13    Int: 14    God:
Gold:   29         SH:  0    Dex: 15    Spells: 0 memorised, 2 levels left

rFire  . . .     SeeInvis .       - Unarmed
rCold  . . .     Gourm    .     a - +0 robe
rNeg   . . .     Faith    .     (no shield)
rPois  .         Spirit   .     (no helmet)
rElec  .         Dismiss  .     (no cloak)
rCorr  +         Reflect  .     (no gloves)
SustAt .         Harm     .     (no boots)
MR     .....                    (no amulet)
Stlth  ++........               h - +3 ring of intelligence
                                f - ring of resist corrosion

@: slowed, very slow, not resistant to hostile enchantments, unstealthy
A: powered by pain 1
a: no special abilities


You were on level 2 of the Dungeon.
You were not hungry.

You visited 1 branch of the dungeon, and saw 2 of its levels.

You collected 29 gold pieces.

Inventory:

Armour
 a - a +0 robe (worn)
Jewellery
 f - a ring of resist corrosion (left hand)
 h - a +3 ring of intelligence (right hand)
Scrolls
 e - a scroll of immolation {unknown}
 k - a scroll of noise {unknown}
 l - a scroll of amnesia {unknown}
Potions
 d - a potion of heal wounds {unknown}
 g - a potion of cancellation {unknown}
 i - a potion of beneficial mutation {unknown}
 j - a potion of lignification {unknown}
Comestibles
 b - a bread ration
 c - 2 chunks of flesh


   Skills:
 * Level 3.8 Fighting
 + Level 1.3 Armour
 + Level 3.0 Dodging
 - Level 1.7 Stealth
 + Level 3.9 Unarmed Combat


You had 2 spell levels left.
You didn't know any spells.

Dungeon Overview and Level Annotations

Branches:
Dungeon (2/15)

Altars:
Qazlal

Annotations:
D:2 Natasha, Robin


Innate Abilities, Weirdness & Mutations

You sometimes gain a little power by taking damage.


Message History

Natasha closely misses you. x2
You miss Natasha.
Natasha is heavily wounded.
Robin points. "Kill!"
Robin throws the goblin at you! Natasha claws you.
The goblin barely misses you.
Robin roars a battlecry!
The goblins go into a battle-frenzy!
A kobold comes into view. It is wielding a hand axe.
The kobold shouts!
You hit the goblin.
The goblin is severely wounded.
Natasha claws you.
* * * LOW HITPOINT WARNING * * *
The goblin barely misses you.
You punch the goblin!
You kill the goblin!
Natasha mewls in sadness.
Natasha completely misses you. Natasha claws you!
You die...

## .. #. #. ### #.
##.## #. ##.#.##
.#####K#####.###.##
....._gggh@)...##.#
.####.g#####.#.#.##
##. ##...## #g
##.## #. #.# gg #.#
## #.#
..####.######
.............#


You could see Robin, Natasha, 2 hobgoblins, a goblin and a kobold.

Vanquished Creatures
  An adder (D:2)
  A worm (D:2)
  4 dart slugs (D:1)
  6 bats (D:1)
  2 giant cockroaches (D:1)
  6 goblins
  5 hobgoblins
  4 jackals (D:1)
  3 kobolds
  A quokka (D:2)
  A giant newt (D:2)
  5 rats
39 creatures vanquished.

Notes
Turn   | Place    | Note
--------------------------------------------------------------
     0 | D:1      | Oddball22 the Demonspawn Monk began the quest for the Orb.
     0 | D:1      | Reached XP level 1. HP: 18/18 MP: 1/1
   286 | D:1      | Gained mutation: You sometimes gain a little power by taking damage. [demonic ancestry]
   286 | D:1      | Reached XP level 2. HP: 18/24 MP: 2/2
   800 | D:1      | Reached XP level 3. HP: 21/29 MP: 3/3
  1472 | D:2      | Reached skill level 1 in Armour
  2019 | D:2      | Found a stormy altar of Qazlal.
  2031 | D:2      | Noticed Natasha
  2034 | D:2      | Noticed Robin
  2050 | D:2      | Slain by Natasha

Vault maps used:
D:1:      saegor_arrival_simple_f
D:2:      overflow_temple_1_default, first_bread, serial_forest,
          infiniplex_forest_join, infiniplex_forest_end_3,
          infiniplex_forest_clump_curved, infiniplex_forest_lined_3_way,
          infiniplex_forest_lined_3, infiniplex_forest_clump_C,
          infiniplex_forest_corner_1, minmay_rats_cheesy_pizza, uniq_robin,
          uniq_natasha, uniq_jessica

Skill      XL: |  1  2  3 |
---------------+----------+-----
Armour         | 1 |  1.3
Dodging        | 3 |  3.0
Fighting       | |  3.8
Stealth        | |  1.7
Unarmed Combat | |  3.9

Action                   || total
-------------------------++-------
Melee: Unarmed           ||   164
 Stab: Sleeping          ||     5
  Eat: Chunk             ||     4
